 Dungeon Crawl Stone Soup version 0.28-a0-1435-g82390b3a13 (webtiles) character file.

Game seed: 2770119078554852387

4974 HallandMoats the Fighter (level 10, -4/81 HPs)
             Began as a Demonspawn Fighter on Jan 9, 2022.
             Was a High Priest of Okawaru.
             Slain by an orc knight (12 damage)
             ... in a bailey.
             The game lasted 00:15:21 (9502 turns).

HallandMoats the Fighter (Demonspawn Fighter)       Turns: 9502, Time: 00:15:21

Health: -4/81      AC: 27    Str: 21    XL:     10   Next: 28%
Magic:  8/14       EV:  6    Int: 10    God:    Okawaru [*****.]
Gold:   396        SH:  7    Dex: 12    Spells: 9/9 levels left

rFire   . . .      SeeInvis .   a - +3 whip (venom)
rCold   . . .      Faith    .   c - +1 buckler
rNeg    . . .      Spirit   .   j - +0 crystal plate armour
rPois   .          Reflect  .   s - +2 helmet "Toaf" {Will+}
rElec   .          Harm     .   (no cloak)
rCorr   .          Rampage  .   (no gloves)
Will    ++...                   (boots unavailable)
Stlth   ..........              (no amulet)
HPRegen 0.23/turn               r - ring of willpower
MPRegen 0.14/turn               (no ring)

@: heroic, finesse-ful
A: hooves 3, yellow scales 2, (demonic guardian 1), ignite blood 2
a: Renounce Religion, Heroism, Finesse, Duel


You were in a bailey.
You worshipped Okawaru.
Okawaru was extremely pleased with you.
You visited 1 branch of the dungeon, and saw 8 of its levels.
You also visited: Bailey.

You collected 396 gold pieces.

Inventory:

Hand Weapons
 a - a +3 whip of venom (weapon)
Armour
 c - a +1 buckler (worn)
 j - a +0 crystal plate armour (worn)
 o - a +2 leather armour of positive energy
 s - the +2 helmet "Toaf" (worn) {Will+}
   (You acquired it on level 8 of the Dungeon)

   Will:      It increases your willpower.
Jewellery
 r - a ring of willpower (left hand)
Wands
 b - a wand of paralysis (5)
 d - a wand of iceblast (2)
Scrolls
 g - 2 scrolls of blinking
 i - 4 scrolls of teleportation
 n - 2 scrolls of identify
 u - a scroll of enchant armour
Potions
 e - 2 potions of heal wounds
 f - a potion of brilliance {unknown}
 h - 3 potions of curing
 k - a potion of magic {unknown}
 l - a potion of flight {unknown}
 m - a potion of attraction {unknown}
 p - a potion of ambrosia {unknown}
 q - a potion of might


   Skills:
 * Level 8.3(13.3) Fighting
 * Level 7.4(12.4) Maces & Flails
 + Level 5.6(10.6) Armour
 + Level 4.7(9.7) Dodging
 + Level 5.5(10.5) Shields
 + Level 6.3 Invocations


You had 9 spell levels left.
You didn't know any spells.
Your spell library contained the following spells:

 Spells                   Type           Power      Damage    Failure   Level
 Corpse Rot               Necr/Air       0%         N/A       100%        2
 Dispel Undead            Necr           0%         3d6       100%        4
 Death Channel            Necr           Unusable   N/A       N/A         6

Dungeon Overview and Level Annotations

Branches:
Dungeon (8/15)             Temple (0/1) D:6          Bailey (1/1)
   Lair: D:8-11

Altars:
Hepliaklqana
Okawaru
Ru
Trog

Shops:
D:6 :

Annotations:
D:4 rogsnak's ghost, novice GnWz


Innate Abilities, Weirdness & Mutations

You have hooves in place of feet.
You are mostly covered in yellow scales. (AC +3)
((A weak demonic guardian rushes to your aid.))
Your demonic aura often causes spilled blood to erupt in flames.


Message History

The orc knight is lightly wounded.
The orc closely misses you.
You barely miss the orc knight. Your kick misses the orc knight.
The orc knight is lightly wounded.
The orc knight hits you with a +0 glaive!
You hit the orc knight but do no damage.
The orc knight is lightly wounded.
The orc hits you but does no damage.
You hit the orc knight.
The orc knight looks as sick as possible!
The orc knight is lightly wounded.
You hit the orc knight. Your kick misses the orc knight.
The orc knight is moderately wounded.
The orc hits you but does no damage.
You closely miss the orc knight. You kick the orc knight.
The orc knight is moderately wounded.
The orc knight hits you with a +0 glaive.
You hit the orc knight but do no damage.
The orc knight is moderately wounded.
You block the orc's attack.
You closely miss the orc knight.
You kick the orc knight, but do no damage.
The orc knight is moderately wounded.
You completely miss the orc. Your kick misses the orc.
The orc hits you but does no damage.
You hit the orc but do no damage. You kick the orc.
The orc is moderately wounded.
The orc knight hits you with a +0 glaive.
You hit the orc. You kick the orc, but do no damage.
The orc is severely wounded.
The orc hits you but does no damage.
You hit the orc.
You kill the orc!
Okawaru accepts your kill.
The orc knight hits you with a +0 glaive!!
* * * LOW HITPOINT WARNING * * *
The orc hits you but does no damage.
The orc is engulfed in blazing flames.
You kill the orc!
The orc knight hits you from afar with a +0 glaive!
You die...

......#...≈≈≈≈.....###
..o..##.♣.≈≈≈≈..♣....♣♣♣
#o.#....≈≈≈≈.........♣♣
#8.#...######.........♣
#..#...............∩..♣
#..'....).)...........♣
#..'.)........o§......♣
#..#.....))..○☼○)..∩..♣
#8.#...######o@°).....♣
#..#....≈≈≈≈..♣......♣♣
...##...≈≈≈≈..♣♣...♣♣♣
.....#...≈≈≈≈.....###
####. #..≈≈≈≈≈..####
#..≈≈≈≈...# ≈≈≈≈..♣#
≈≈≈..♣


You could see an orc knight (extremely poisoned) and an orc (strong).

Vanquished Creatures
  Pikel (D:7)
  Joseph (D:7)
  A hornet (D:7)
  2 wyverns
  Eustachio (D:6)
  A water moccasin (D:7)
  5 orc warriors
  2 sky beasts (D:7)
  2 ice beasts
  3 black bears (D:8)
  2 necrophages
  4 ogres
  A centaur (D:7)
  A lemure (D:7)
  2 kobold brigands
  4 bullfrogs
  A gnoll sergeant (D:5)
  A scorpion (D:4)
  A water moccasin zombie (D:5)
  5 killer bees (D:8)
  A bullfrog zombie (D:5)
  2 centaur zombies
  2 orc priests
  4 hounds
  4 jellies
  A centaur skeleton (D:7)
  3 iguanas
  Natasha (twice) (D:2)
  4 orc wizards
  2 killer bee zombies (D:7)
  A mummy (D:4)
  7 gnolls
  9 adders
  A white imp (D:8)
  An adder skeleton (D:4)
  3 worms
  A dart slug (D:1)
  24 orcs
  9 ball pythons
  4 endoplasms
  3 giant cockroaches
  6 hobgoblins
  27 kobolds
  5 quokkas
  5 bats
  4 frilled lizards
  7 goblins
  A hobgoblin zombie (D:4)
  An orc zombie (D:4)
  6 rats
191 creatures vanquished.

Vanquished Creatures (others)
  Natasha (D:2)
  43 fungi (D:8)
  46 plants (D:8)
90 creatures vanquished.

Grand Total: 281 creatures vanquished

Notes
Turn   | Place    | Note
-------+----------+-------------------------------------------
     0 | D:1      | HallandMoats the Demonspawn Fighter began the quest for the
                  | Orb.
     0 | D:1      | Reached XP level 1. HP: 18/18 MP: 1/1
   330 | D:1      | Gained mutation: You have large cloven feet. [demonic
                  | ancestry]
   330 | D:1      | Reached XP level 2. HP: 24/24 MP: 2/2
   554 | D:1      | Found a faded altar of an unknown god.
  1077 | D:2      | Noticed Natasha
  1079 | D:2      | Noticed a crimson imp
  1089 | D:2      | Gained mutation: You are partially covered in yellow
                  | scales. (AC +2) [demonic ancestry]
  1089 | D:2      | Reached XP level 3. HP: 23/29 MP: 3/3
  1094 | D:2      | Killed Natasha
  1116 | D:2      | Noticed Natasha
  1123 | D:2      | Killed Natasha
  1124 | D:2      | Reached skill level 1 in Dodging
  1313 | D:2      | Noticed Natasha
  1329 | D:2      | Killed Natasha
  1330 | D:2      | Gained mutation: You have hoof-like feet. [demonic
                  | ancestry]
  1330 | D:2      | Reached XP level 4. HP: 19/37 MP: 4/4
  2341 | D:3      | Noticed an ogre
  3033 | D:3      | Killed an ogre
  3034 | D:3      | Reached skill level 4 in Fighting
  3034 | D:3      | Reached XP level 5. HP: 38/42 MP: 5/5
  3627 | D:4      | Found a sacrificial altar of Ru.
  3651 | D:4      | Found an iron altar of Okawaru.
  3659 | D:4      | Became a worshipper of Warmaster Okawaru
  3799 | D:4      | Found a hazy altar of Hepliaklqana.
  3802 | D:4      | Found a bloodstained altar of Trog.
  3949 | D:4      | Found a runed translucent gate.
  3950 | D:4      | Found a runed translucent gate.
  3950 | D:4      | Noticed rogsnak's ghost (novice GnWz)
  3953 | D:4      | Found a runed translucent gate.
  3967 | D:4      | Gained mutation: Your demonic aura sometimes causes spilled
                  | blood to erupt in flames. [demonic ancestry]
  3967 | D:4      | Reached XP level 6. HP: 45/49 MP: 6/6
  4081 | D:4      | Found a sand-covered staircase.
  4271 | D:4      | Reached skill level 1 in Invocations
  5002 | D:4      | Gained mutation: You are mostly covered in yellow scales.
                  | (AC +3) [demonic ancestry]
  5002 | D:4      | Reached XP level 7. HP: 55/55 MP: 8/8
  5126 | D:5      | Entered Level 5 of the Dungeon
  5151 | D:5      | Reached skill level 5 in Fighting
  5278 | D:5      | Reached * piety under Okawaru
  5946 | D:5      | Identified the +3 longbow of Wounding {venom, rElec rPois
                  | Will+ Int+2}
  6034 | D:6      | Noticed a wyvern
  6040 | D:6      | Killed a wyvern
  6040 | D:6      | Reached ** piety under Okawaru
  6041 | D:6      | Gained mutation: A weak demonic guardian rushes to your
                  | aid. [demonic ancestry]
  6041 | D:6      | Reached XP level 8. HP: 64/64 MP: 7/10
  6072 | D:6      | Reached skill level 5 in Maces & Flails
  6079 | D:6      | Noticed Eustachio
  6097 | D:6      | Killed Eustachio
  6098 | D:6      | Reached skill level 6 in Fighting
  6197 | D:6      | Found Felacigh's Book Shop.
  6514 | D:6      | Found a staircase to the Ecumenical Temple.
  6957 | D:6      | Reached *** piety under Okawaru
  7198 | D:7      | Gained mutation: You have hooves in place of feet. [demonic
                  | ancestry]
  7198 | D:7      | Reached XP level 9. HP: 58/71 MP: 12/12
  7624 | D:7      | Reached skill level 7 in Fighting
  7962 | D:7      | Reached skill level 5 in Invocations
  8000 | D:7      | Reached skill level 5 in Armour
  8296 | D:7      | Noticed Joseph
  8310 | D:7      | Killed Joseph
  8310 | D:7      | Reached **** piety under Okawaru
  8311 | D:7      | Reached skill level 5 in Shields
  8545 | D:7      | Noticed Pikel
  8589 | D:7      | Killed Pikel
  8960 | D:8      | Identified a scroll of acquirement
  8983 | D:8      | Gained mutation: Your demonic aura often causes spilled
                  | blood to erupt in flames. [demonic ancestry]
  8983 | D:8      | Reached XP level 10. HP: 70/80 MP: 14/14
  9001 | D:8      | Reached skill level 8 in Fighting
  9035 | D:8      | Reached ***** piety under Okawaru
  9197 | D:8      | Found a flagged portal.
  9210 | Bailey   | Entered a bailey
  9475 | Bailey   | Acquired the +2 helmet "Toaf" {Will+}
  9482 | Bailey   | Noticed an orc knight
  9502 | Bailey   | Slain by an orc knight

Illustrated notes

Levels and vault maps discovered:
D:1:      dpeg_arrival_water_temple_mockup, layout_loops_corners,
          ebering_ecumenical_altar_rust
D:2:      layout_loops_ring, dk_noncrumbling_3, uniq_natasha
D:3:      layout_loops_corners
D:4:      minmay_octagon_keep, layout_loops_corners,
          grunt_temple_overflow_cloverleaf, gammafunk_ghost_nasty_kobolds,
          nicolae_ossuary_entry_giza
D:5:      layout_rooms, chequers_big_river
D:6:      nicolae_cairo_tiling_large_dashed, layout_rooms, serial_shops,
          nicolae_shop_advertising_works [nicolae_subvault_shop_adworks],
          uniq_eustachio
D:7:      layout_loops_ring, hangedman_decor_diamond_cutter,
          hangedman_decor_growths, grunt_ministairs_11, uniq_pikel, uniq_joseph
D:8:      layout_loops_ring, due_lair_maze_entry_diamond, enter_bailey_5
Bailey:   bailey_polearm_elven_captive_hellmonk, bailey

Skill      XL: |  1  2  3  4  5  6  7  8  9 10 |
---------------+-------------------------------+-----
Maces & Flails | 2 3 4 5 7 |  7.4
Armour         | 3 4 5 |  5.6
Dodging        | 1 2 3 4 |  4.7
Shields        | 3 4 5 |  5.5
Fighting       | 4 5 6 7 8 |  8.3
Invocations    | 1 3 4 5 6 |  6.3

Action                   |  1- 3 |  4- 6 |  7- 9 | 10-12 || total
-------------------------+-------+-------+-------+-------++-------
Melee: Flail             |    87 |     8 |       |       ||    95
       Kick              |    16 |    38 |    97 |    28 ||   179
       Short sword       |       |    20 |       |       ||    20
       Whip              |       |   118 |   313 |    87 ||   518
Invok: Heroism           |       |       |     2 |     1 ||     3
       Finesse           |       |       |       |     1 ||     1
  Use: Potion            |     1 |     2 |       |     1 ||     4
       Scroll            |       |     7 |     3 |     2 ||    12
 Stab: Invisible         |       |     2 |       |       ||     2
Armor: Scale mail        |    37 |    48 |    34 |       ||   119
       Skin              |       |     1 |     9 |       ||    10
       Leather armour    |       |       |    47 |    15 ||    62
       Crystal plate arm |       |       |       |     9 ||     9
Dodge: Dodged            |    48 |    38 |   126 |    41 ||   253
Block: Buckler           |    24 |    33 |    73 |    31 ||   161

Table legend: (Time is in decaauts)
 A = Elapsed time spent in this place.
 B = Non-inter-level travel time spent in this place.
 C = Inter-level travel time spent in this place.
 D = Time resting spent in this place.
 E = Time spent auto-exploring this place.
 F = Levels seen in this place.
 G = Mean time per level.
                   A        B        C        D        E       F      G
               +--------+--------+--------+--------+--------+-----+--------+
         Total |   9485 |   9214 |    271 |    676 |   6807 |   9 | 1053.9 |
       Dungeon |   9206 |   8935 |    271 |    534 |   6771 |   8 | 1150.8 |
        Bailey |    278 |    278 |      0 |    142 |     36 |   1 |  278.0 |
               +--------+--------+--------+--------+--------+-----+--------+

Top non-repeatable levels by time:
     D:4: 1875 daAuts
     D:7: 1744 daAuts
     D:3: 1244 daAuts
     D:2: 1197 daAuts
     D:1: 996 daAuts
     D:5: 991 daAuts
     D:6: 918 daAuts
  Bailey: 278 daAuts
     D:8: 236 daAuts
